 Dungeon Crawl Stone Soup version 0.31.0-32-g396128a36d (webtiles) character file.

Game seed: 5122700160989579344

130 PaiMei the Grave Robber (level 4, -2/30 HPs)
             Began as a Demonspawn Necromancer on Mar 29, 2024.
             Slain by an ufetubus (4 damage)
             ... on level 4 of the Dungeon.
             The game lasted 00:03:18 (3070 turns).

PaiMei the Grave Robber (Demonspawn Necromancer)    Turns: 3070, Time: 00:03:19

Health: -2/30      AC:  2    Str:  9    XL:     4   Next: 89%
Magic:  8/8        EV: 12    Int: 17    God:
Gold:   120        SH:  0    Dex: 13    Spells: 7/8 levels left

rFire   . . .        k - +0 whip (drain)
rCold   . . .        (no shield)
rNeg    . . .        a - +0 robe
rPois   .            (no helmet)
rElec   .            (no cloak)
rCorr   .            (no gloves)
SInv    +            (no boots)
Will    .....        (no amulet)
Stlth   ++           c - ring of see invisible
HPRegen 0.25/turn    (no ring)
MPRegen 0.22/turn

%: no passive effects
@: no status effects
A: claws 1, magic regeneration
a: no special abilities


You were on level 4 of the Dungeon.
You visited 1 branch of the dungeon, and saw 4 of its levels.

You collected 120 gold pieces.

Inventory:

Hand Weapons
 d - a +0 dagger
 k - a +0 whip of draining (weapon)
Armour
 a - a +0 robe (worn)
Jewellery
 c - a ring of see invisible (left claw)
Scrolls
 e - a scroll of silence {unknown}
 f - 2 scrolls of enchant weapon {unknown}
 i - 2 scrolls of fear {unknown}
 j - a scroll of poison {unknown}
 m - a scroll of identify {unknown}
 n - a scroll of revelation {unknown}
 o - a scroll of noise {unknown}
Potions
 b - a potion of magic
 g - 2 potions of heal wounds {unknown}
 h - 4 potions of curing {unknown}
 l - a potion of lignification {unknown}
 p - a potion of haste {unknown}


   Skills:
 + Level 2.7 Dodging
 + Level 2.9 Stealth
 + Level 2.9 Spellcasting
 + Level 5.1 Necromancy


You had 7 spell levels left.
You knew the following spells:

 Your Spells              Type           Power      Damage    Failure   Level
a - Necrotise             Necr           76%        1d7       2%          1

Your spell library contained the following spells:

 Spells                   Type           Power      Damage    Failure   Level
 Vampiric Draining        Necr           19%        2d7       6%          3
 Animate Dead             Necr           19%        N/A       22%         4
 Mercury Vapours          Alch/Air       4%         N/A       26%         2
 Mephitic Cloud           Conj/Alch/Air  2%         N/A       47%         3
 Curse of Agony           Necr           19%        N/A       52%         5
 Freezing Cloud           Conj/Ice/Air   1%         6-21      99%         5


Dungeon Overview and Level Annotations

Branches:
Dungeon (4/15)
 Temple: D:4-7

Altars:
Okawaru
Uskayaw

Shops:
D:3 ?

Annotations:
D:3 Grinder


Innate Abilities, Weirdness & Mutations

You have sharp fingernails.
You regenerate magic rapidly.


Message History

The ufetubus shouts! x2
Your adder skeleton barely misses the ufetubus.
You completely miss the ufetubus.
Your adder skeleton crumbles into dust!
The ufetubus slips past you! The ufetubus hits you.
The ufetubus closely misses you. The ufetubus barely misses you.
The ufetubus hits you but does no damage.
The ufetubus barely misses you. x2; The ufetubus hits you. x2
You closely miss the ufetubus.
A hobgoblin comes into view.
The ufetubus hits you but does no damage.
The ufetubus hits you. The ufetubus closely misses you. x2
You hit the ufetubus.
The ufetubus is moderately wounded.
The ufetubus closely misses you. The ufetubus completely misses you.
The ufetubus slips past you! The ufetubus completely misses you.
The ufetubus closely misses you.
You hit the ufetubus.
The ufetubus is heavily wounded.
The ufetubus closely misses you.
The ufetubus hits you but does no damage.
You miss the ufetubus.
The ufetubus is heavily wounded.
The ufetubus misses you. The ufetubus closely misses you. x2
The ufetubus hits you. The ufetubus closely misses you. The ufetubus hits you.
The ufetubus hits you but does no damage.
The ufetubus misses you.
You hit the ufetubus.
The ufetubus is severely wounded.
The ufetubus hits you. x3
* * * LOW HITPOINT WARNING * * *
The ufetubus barely misses you. The ufetubus hits you.
* * * LOW HITPOINT WARNING * * *
The ufetubus closely misses you. The ufetubus attacks as it pursues you!
The ufetubus hits you.
* * * LOW HITPOINT WARNING * * *
The ufetubus hits you.
* * * LOW HITPOINT WARNING * * *
The ufetubus barely misses you. The ufetubus hits you.
You die...

^### ....
########## ..
###...##...##
.
#..#....55#.#
#...#...@#..#
####
#....#..#...#
#...
#.....##....#
.#.##
#.....##....#
.....
###..##.#...#
...##
##.##..#..# .
#.##...#.#
.####
#.###g..##
..... #.#
#####


You could see 2 ufetubi.

Vanquished Creatures
  An orc priest (D:4)
  An orc wizard (D:4)
  2 adders
  A ribbon worm (D:2)
  A dart slug (D:2)
  3 orcs (D:4)
  6 ball pythons
  An endoplasm (D:1)
  2 giant cockroaches
  6 hobgoblins
  4 quokkas
  7 bats
  4 kobolds
  4 rats
43 creatures vanquished.

Vanquished Creatures (collateral kills)
  A ball python (D:1)
  An endoplasm (D:1)
  A quokka (D:1)
  A frilled lizard (D:1)
  A kobold (D:2)
5 creatures vanquished.

Grand Total: 48 creatures vanquished

Notes
Turn   | Place    | Note
-------+----------+-------------------------------------------
     0 | D:1      | PaiMei the Demonspawn Necromancer began the quest for the
                  | Orb.
     0 | D:1      | Reached XP level 1. HP: 13/13 MP: 3/3
   146 | D:1      | Found a faded altar of an unknown god.
   154 | D:1      | Gained mutation: You regenerate magic rapidly. [demonic
                  | ancestry]
   154 | D:1      | Reached XP level 2. HP: 18/19 MP: 0/5
   910 | D:2      | Gained mutation: You have sharp fingernails. [demonic
                  | ancestry]
   910 | D:2      | Reached XP level 3. HP: 20/24 MP: 3/6
  1824 | D:3      | Noticed Grinder
  2165 | D:3      | Found Efrulu's Magic Scroll Emporium.
  2305 | D:3      | Found a hide-covered altar of Uskayaw.
  2363 | D:4      | Found an iron altar of Okawaru.
  2504 | D:4      | Noticed a phantom
  2639 | D:4      | Reached XP level 4. HP: 10/30 MP: 3/8
  2652 | D:4      | Reached skill level 5 in Necromancy
  3070 | D:4      | Slain by an ufetubus

Illustrated notes

Levels and vault maps discovered:
D:1:      mrwooster_arrival_statue_2, layout_rooms,
          nicolae_ecumenical_snake_handling, minmay_misc_feat_iff
D:2:      layout_basic, serial_co_window_serial, co_window_corner_a,
          co_window_paths_b, co_window_paths_b, co_window_of_opportunity_a,
          co_window_corner_a, co_window_corner_a, co_window_paths_b,
          co_window_broadway_a, co_window_corner_b, co_window_of_opportunity_b,
          co_window_of_opportunity_b, co_window_broadway_a, co_window_corner_b,
          co_window_unsneaky_path_b, co_window_4corner_a, glass_columns_b
D:3:      layout_loops_ring, lemuel_coloured_pillars_altar, serial_shops,
          nicolae_shop_statue_plus, minivault_25, uniq_grinder
D:4:      layout_loops_ring, lemuel_tele_altar,
          mainiacjoe_overflow_cross_hatched, led_sif_pool,
          hangedman_decor_slide_cut

Skill      XL: |  1  2  3  4 |
---------------+-------------+-----
Stealth        | 2 |  2.9
Dodging        | 2 |  2.7
Necromancy     | 5 |  5.1
Spellcasting   | |  2.9

Action                     |  1- 3 |  4- 6 || total
---------------------------+-------+-------++-------
  Melee: Unarmed           |     4 |       ||     4
         Dagger            |    11 |       ||    11
         Whip              |     3 |    14 ||    17
   Cast: Necrotise         |    65 |    13 ||    78
   Stab: Distracted        |     1 |       ||     1
 Armour: Robe              |    23 |    22 ||    45
  Dodge: Dodged            |    22 |    25 ||    47
